 Dungeon Crawl Stone Soup version 0.20-a0-351-gc9b4002 (webtiles) character file.

824672 Gorice the Slayer (level 27, -8/268 HPs)
             Began as a Minotaur Arcane Marksman on Dec 18, 2016.
             Was the Champion of Okawaru.
             Killed from afar by a hell hog (12 damage)
             ... with a fireball
             ... in Pandemonium on Dec 26, 2016.
             The game lasted 10:35:55 (80732 turns).

Gorice the Slayer (Minotaur Arcane Marksman)       Turns: 80732, Time: 10:35:58

Health: -8/268     AC: 43    Str: 24    XL:     27
Magic:  0/29       EV: 32    Int: 14    God:    Okawaru [******]
Gold:   2572       SH:  0    Dex: 20    Spells: 18/48 levels left

rFire  . . .     SeeInvis +     b - +9 arbalest (freeze)
rCold  + . .     Gourm    .     U - +7 swamp dragon scales of Impermeability {rPois Str+5 Dex+2}
rNeg   . . .     Faith    .     (shield currently unavailable)
rPois  +         Spirit   +     K - +0 mask of the Dragon {MR+ Slay+3 SInv}
rElec  .         Reflect  .     B - +2 cloak {MR+}
rCorr  +         Harm     .     v - +3 pair of gloves of the Gusle {rCorr Str+2 Slay+5}
MR     ++++.                    W - +2 pair of boots {run}
Stlth  +++++.....               y - amulet of guardian spirit
                                N - ring of Robustness {AC+8}
                                C - ring of protection from cold

@: heroism, very slightly contaminated, hasted, repel missiles, drained, very
quick
A: retaliatory headbutt, horns 2, low mp 2
}: 7/15 runes: decaying, slimy, silver, abyssal, demonic, magical, gossamer
a: Heroism, Finesse, Renounce Religion


You were in Pandemonium.
You worshipped Okawaru.
Okawaru was exalted by your worship.
You were hungry.

You visited 11 branches of the dungeon, and saw 53 of its levels.
You visited Pandemonium 3 times, and saw 21 of its levels.
You visited the Abyss 3 times.
You also visited: Ice Cave.

You collected 11022 gold pieces.
You spent 8450 gold pieces at shops.

Inventory:

Hand Weapons
 a - a +5 arbalest of flaming
   (Okawaru gifted it to you on level 2 of the Orcish Mines)
 b - a +9 arbalest of freezing (weapon)
   (Okawaru gifted it to you on level 4 of the Depths)
 w - a +2 eudemon blade of holy wrath
   (You took it off Mennas on level 4 of the Depths)
 I - the +9 lajatang of Urroi {slice, +Rage rN+ Str-3 Dex+3}
   (You found it in Pandemonium)

   It inflicts extra damage upon your enemies.
   It affects your strength (-3).
   It affects your dexterity (+3).
   It protects you from negative energy.
   It lets you go berserk.
 P - a +2 demon whip of electrocution
   (You took it off a balrug in Pandemonium)
Missiles
 d - 1615 bolts (quivered)
Armour
 t - the +7 plate armour "Hylerphoick" {Int+3 SInv}
   (Okawaru gifted it to you in Pandemonium)

   It affects your intelligence (+3).
   It lets you see invisible.
 v - the +3 pair of gloves of the Gusle (worn) {rCorr Str+2 Slay+5}
   (You found it on level 5 of the Vaults)

   It affects your strength (+2).
   It affects your accuracy and damage with ranged weapons and melee attacks
   (+5).
   It protects you from acid and corrosion.
 x - the +6 scale mail "Nuhiogaz" {MR+ rCorr}
   (Okawaru gifted it to you in Pandemonium)

   It affects your resistance to hostile enchantments.
   It protects you from acid and corrosion.
 B - a +2 cloak of magic resistance (worn)
   (Okawaru gifted it to you on level 2 of the Crypt)
 K - the +0 mask of the Dragon (worn) {MR+ Slay+3 SInv}
   (You bought it in a shop on level 3 of the Depths)

   It affects your accuracy and damage with ranged weapons and melee attacks
   (+3).
   It affects your resistance to hostile enchantments.
   It lets you see invisible.
 U - the +7 swamp dragon scales of Impermeability (worn) {rPois Str+5 Dex+2}
   (You found it on level 6 of the Dungeon)

   It affects your strength (+5).
   It affects your dexterity (+2).
   It protects you from poison.
 W - a +2 pair of boots of running (worn)
   (You acquired it on level 2 of the Vaults)
Jewellery
 f - the ring of Descent {+Fly rN+++ Str-2 Dex+8}
   (You took it off a deep elf high priest on level 3 of the Elven Halls)

   [ring of flight]

   It affects your strength (-2).
   It affects your dexterity (+8).
   It renders you almost immune to negative energy.
   It lets you fly.
 k - a +3 ring of slaying
 s - a +6 ring of slaying
 y - an amulet of guardian spirit (around neck)
 C - a ring of protection from cold (left hand)
 F - the ring "Ifui" {rF+ Str+6 Int+3}
   (You found it on level 9 of the Dungeon)

   [ring of protection from fire]

   It affects your strength (+6).
   It affects your intelligence (+3).
   It protects you from fire.
 N - the ring of Robustness (right hand) {AC+8}
   (You found it on level 12 of the Dungeon)

   [ring of protection]

   It affects your AC (+8).
Wands
 j - a wand of digging (15/24)
 R - a wand of disintegration (5/24)
Scrolls
 h - 34 scrolls of remove curse
 p - 4 scrolls of summoning {!r}
 u - 4 scrolls of blinking
 A - 2 scrolls of recharging
 E - 7 scrolls of fog
 H - 4 scrolls of magic mapping {!r}
 S - 23 scrolls of identify
 Y - a scroll of enchant armour
 Z - 3 scrolls of teleportation {!r}
Potions
 c - 3 potions of cure mutation {!q}
 e - 5 potions of cancellation {!q}
 i - 10 potions of haste {!q}
 l - 12 potions of might {!q}
 n - 7 potions of agility {!q}
 o - 6 potions of invisibility {!q}
 q - a potion of heal wounds {!q}
 r - 24 potions of curing
 z - 2 potions of berserk rage
 G - a potion of brilliance {!q}
 L - a potion of flight
 O - 4 potions of resistance {!q}
Books
 D - Wanav's Handbook of Feathers and the Entourage
   (You found it in Pandemonium)

   Spells                             Type                      Level
   a - Call Imp                       Summoning                    2
   b - Silence                        Hexes/Air                    5
   c - Freezing Cloud                 Conjuration/Ice/Air          6
   d - Malign Gateway                 Summoning/Translocation      7
Miscellaneous
 g - 2 sacks of spiders
 Q - 2 phantom mirrors
 V - 4 boxes of beasts
Comestibles
 m - 18 bread rations {!e}
 J - 9 chunks of flesh
 M - 61 fruits
 T - a beef jerky


   Skills:
 + Level 25.8 Fighting
 - Level 18.0(21.8) Crossbows
 - Level 22.0(25.8) Armour
 - Level 22.4(25.8) Dodging
 - Level 9.0(13.0) Stealth
 - Level 11.0(10.1) Spellcasting
 - Level 10.1(9.3) Hexes
 - Level 6.0(5.2) Charms
 - Level 10.5(9.6) Summonings
 - Level 8.0(7.2) Necromancy
 - Level 11.1(10.2) Translocations
 + Level 11.0(10.2) Air Magic
 - Level 10.0(9.2) Invocations
 - Level 15.0(14.0) Evocations


You had 18 spell levels left.
You knew the following spells:

 Your Spells              Type           Power        Failure   Level  Hunger
a - Corona                Hex            ####...      1%          1    None
b - Summon Lightning Spi  Summ/Air       ####....     2%          4    ###....
c - Silence               Hex/Air        ####......   10%         5    #####..
g - Shroud of Golubria    Chrm/Tloc      ####......   1%          2    None
p - Portal Projectile     Tloc           #####.       1%          3    #......
B - Summon Butterflies    Summ           ####....     1%          1    None
G - Passage of Golubria   Tloc           N/A          1%          4    ###....
J - Blink                 Tloc           N/A          1%          2    None
M - Repel Missiles        Chrm/Air       ####..       1%          2    None
R - Regeneration          Chrm/Necr      ###.......   3%          3    #......
S - Swiftness             Chrm/Air       ####....     1%          2    None
Y - Apportation           Tloc           #####.....   1%          1    None


Dungeon Overview and Level Annotations

Branches:
Dungeon (15/15)            Temple (1/1) D:4            Lair (6/6) D:11
  Swamp (4/4) Lair:4       Spider (4/4) Lair:3        Slime (5/5) Lair:6
    Orc (2/2) D:12            Elf (3/3) Orc:2        Vaults (5/5) D:13
  Crypt (3/3) Vaults:3       Tomb (0/3) Crypt:3      Depths (5/5) D:15
    Zot (0/5) Depths:5

Altars:
Ashenzari
Cheibriados
Dithmenos
Elyvilon
Fedhas
Gozag
Hepliaklqana
Kikubaaqudgha
Makhleb
Nemelex Xobeh
Okawaru
Qazlal
Ru
Sif Muna
Trog
Uskayaw
Vehumet
Xom
Yredelemnul
Zin
The Shining One
Beogh
Jiyva

Shops:
D:6 [   D:15 ?   Orc:2 }([}=   Elf:1 (   Elf:3 ([*   Vaults:4 :   Vaults:5 !!?
Depths:3 }=}*

Portals:
Hell: Depths:1 Depths:2 Depths:3 Depths:4 Depths:5
Abyss: Depths:2 Depths:3 Depths:4 Depths:5
Pandemonium: Depths:1 Depths:3 Depths:4 Depths:5
Ziggurat: Depths:3

Annotations:
D:8 KristoblXynda's ghost, novice DsMo
Swamp:4 vpUX: houses in deep water
Elf:1 vpUX: vault with tentacle, exclusion: 2 doors
Elf:2 3 runed doors


Innate Abilities, Weirdness & Mutations

You reflexively headbutt those who attack you in melee.
You have a pair of horns on your head.
[Your magical capacity is very low. (-20% MP)]


Message History

Unknown command.
Unknown command.
Unknown command.
Unknown command.
Unknown command.
Unknown command.
Unknown command.
Unknown command.
Unknown command.
Unknown command.
Unknown command.
Really quaff
c - 4 potions of cure mutation {!q}?
It has a very clean taste.
You feel robust.
Your body's shape seems more normal.
Your vision sharpens.
You feel stable.
Your slimy green scales disappear.
Qeheysak hits you but does no damage.
The crimson imp disappears for a moment.
You hear a distant "Zot"!
Really read
Z - 4 scrolls of teleportation {!r}?
As you read the scroll of teleportation {!r}, it crumbles to dust.
You feel strangely unstable.
Qeheysak sneers, "Give up, thou churlish tickle-brained serf!"
Qeheysak hits you but does no damage.
The gelid corrupter utters an invocation to Lugonu.
You feel less energetic. x2
The infernal black sun prays to Kikubaaqudgha.
The neqoxec begins absorbing vital energies!
The gelid corrupter begins absorbing vital energies!
The neqoxec begins absorbing vital energies!
The infernal black sun begins absorbing vital energies!
Qeheysak begins absorbing vital energies!
The ice devil begins absorbing vital energies!
The smoke demon begins absorbing vital energies!
The crimson imp begins absorbing vital energies!
Unknown command.
There is an open door here.
A sun demon comes into view.
Your surroundings suddenly seem different.
A sun demon comes into view.
A hell hog comes into view.
The sun demon shouts!
The hell hog squeals angrily.
You hear an angry squeal.
The hell hog moves out of view. 2 hell hogs come into view.
The hell hog breathes fire at you.
The fireball explodes!
The fireball engulfs you!
* * * LOW HITPOINT WARNING * * *
The fireball engulfs the hell hog.
The hell hog resists.
The hell hog breathes fire at you.
The fireball explodes!
The fireball engulfs you!
You die...

.. #...#. #..##[.#.....
#'#####..# ...##..##.....
.....#....#####..##......
....... #.....^.##.......
.....#####'######......
#'###...#.......#.##.....
........#....h..#..##...#
........#h..h.∩.#...#####
......3.@.......').))[.#
....#%..#.......#..)##.##
... #...#.......#..##.[.#
#. #...#.......#.##....#
. ....#####'######.....'
....# #.......#.#.....#
....# #......##.##....#
'### #.......'...')...#
#......##...##...#


You could see 3 hell hogs and a sun demon.

Vanquished Creatures
  Lom Lobon (Pan)
  Mennas (Depths:4)
  Mara (Depths:4)
  3 juggernauts
  The ghost of junb69 the Slayer, a legendary DsGl of Ashenzari (Depths:4)
  2 ancient liches (Vaults:5)
  The ghost of dondy the Executioner, a veteran HOBe of Trog (Depths:2)
  Sojobo (Crypt:1)
  9 pandemonium lords (Pan)
  Bai Suzhen (Vaults:2)
  Saint Roka (Vaults:2)
  Frederick (Vaults:5)
  5 golden dragons
  A caustic shrike (Depths:4)
  A profane servitor (Crypt:3)
  Jory (Crypt:2)
  A bone dragon (Crypt:3)
  Jorgrun (Vaults:1)
  3 Brimstone Fiends (Pan)
  5 tentacled monstrosities
  10 Ice Fiends (Pan)
  7 Hell Sentinels (Pan)
  9 titans
  9 liches
  2 deep elf blademasters (Elf:3)
  3 deep elf master archers (Elf:3)
  An eldritch tentacle (Pan)
  5 thorn hunters
  A quicksilver dragon (Vaults:5)
  12 Executioners (Pan)
  11 acid blobs
  6 sphinxes
  2 ancient champions
  A revenant (Crypt:2)
  Roxanne (Swamp:1)
  Donald (Swamp:1)
  4 storm dragons
  8 azure jellies
  14 shadow dragons
  9 tengu reavers
  14 fire giants
  17 frost giants
  A draconian knight (Depths:5)
  3 iron dragons
  10 deep elf sorcerers
  9 warmongers (Pan)
  11 balrugs (Pan)
  An orc warlord (Elf:3)
  21 vault wardens
  3 curse skulls
  Louise (Depths:5)
  10 cacodemons (Pan)
  A draconian shifter (Depths:5)
  4 ghost moths
  7 deep elf elementalists
  19 ghouls
  12 reapers
  7 emperor scorpions
  3 draconian annihilators (Pan)
  18 very ugly things
  21 stone giants
  5 war gargoyles (Vaults:5)
  8 vampire knights
  17 ironheart preservers
  13 blood saints (Pan)
  8 deep elf demonologists
  9 corrupters (Pan)
  6 spriggan defenders
  Nessos (D:15)
  12 entropy weavers
  16 deep elf annihilators
  7 black suns (Pan)
  9 lorocyprocas (Pan)
  A dire elephant (Lair:6)
  A black draconian (Depths:5)
  2 red draconians (Depths:5)
  12 spark wasps
  A yellow draconian (Depths:5)
  5 eidola (Crypt:3)
  7 deep elf death magi
  12 fire dragons
  16 blizzard demons (Pan)
  A quicksilver dragon zombie (Crypt:3)
  22 green deaths
  Snorg (Lair:6)
  2 jiangshi (Crypt:1)
  18 ettins
  6 death oozes
  19 great orbs of eyes
  A merfolk impaler (Depths:4)
  3 deep elf high priests
  16 ice dragons
  Fannar (Lair:3)
  18 yaktaur captains
  A caustic shrike simulacrum (Depths:3)
  14 monstrous demonspawn (Pan)
  10 rakshasas
  The ghost of wazuzu the Thaumaturge, a journeyman DrFE of Cheibriados (Lair:1)
  21 hydras
  30 vault guards
  A quicksilver dragon skeleton (Depths:1)
  40 two-headed ogres
  12 centaur warriors
  4 spriggan air magi
  A hell beast (Pan)
  11 ogre magi
  The ghost of Gorice the Carver, a novice MiAM of Okawaru (D:10)
  A merfolk avatar (Lair:6)
  A catoblepas (Lair:2)
  A queen ant (Spider:1)
  17 dancing weapons
  6 death knights
  12 deep troll shamans
  3 tengu warriors
  5 alligators
  2 hell hogs (Depths:1)
  19 death yaks
  8 deep troll earth magi
  A thrashing horror (Abyss:3)
  Urug (D:13)
  10 hell knights
  11 orc high priests
  10 vampire magi
  30 soul eaters
  33 sun demons (Pan)
  8 spriggan berserkers
  17 deep elf knights
  2 storm dragon zombies
  A wretched star (Abyss:3)
  25 skeletal warriors
  A golden dragon zombie (Crypt:3)
  23 sixfirhies (Pan)
  A death drake (shapeshifter) (Vaults:5)
  A fire crab (shapeshifter) (Vaults:5)
  A glowing orange brain (shapeshifter) (Depths:2)
  35 deep trolls
  3 iron trolls
  8 swamp dragons
  4 shadow wraiths
  6 unseen horrors
  8 infernal demonspawn (Pan)
  4 shadow demons
  A ghost moth zombie (Crypt:3)
  A spriggan druid (Swamp:2)
  8 gelid demonspawn (Pan)
  9 glowing orange brains
  7 flayed ghosts
  26 phantasmal warriors
  9 wizards
  27 deep elf archers
  20 ironbrand convokers
  2 shadow dragon zombies
  10 torturous demonspawn (Pan)
  A golden dragon skeleton (Depths:3)
  3 shambling mangroves
  2 unseen horrors (shapeshifter)
  11 harpies
  12 necromancers
  A harpy (shapeshifter) (Vaults:1)
  An iron dragon zombie (Crypt:3)
  29 large abominations
  77 deep elf magi
  27 orc knights
  4 frost giant zombies
  28 wolf spiders
  7 orc sorcerers
  2 stone giant zombies
  16 orb spiders
  4 oklob plants
  A shining eye (shapeshifter) (Depths:4)
  5 shining eyes
  30 ugly things
  5 cyclopes
  3 moths of wrath
  3 manticores
  A shock serpent zombie (Crypt:1)
  2 fire giant zombies (Crypt:3)
  A salamander (shapeshifter) (D:15)
  2 elephants (Lair:6)
  Joseph (D:8)
  An ice statue (IceCv)
  2 fire giant skeletons
  12 orange demons
  An elf zombie (D:15)
  An eye of devastation (Slime:5)
  An iron dragon skeleton (Depths:3)
  2 rust devils (Pan)
  10 centaur skeletons
  5 torpor snails
  11 vault sentinels
  50 smoke demons (Pan)
  4 black mambas
  13 spiny frogs
  2 gargoyles (D:11)
  A water nymph (shapeshifter) (Vaults:5)
  A yaktaur zombie (Vaults:5)
  8 freezing wraiths
  7 rime drakes
  69 yaktaurs
  A kobold demonologist (D:12)
  3 hellions (Pan)
  An efreet (D:14)
  A rime drake (shapeshifter) (Depths:1)
  12 komodo dragons
  A dire elephant skeleton (Crypt:1)
  50 hellwings
  32 demonic crawlers
  A yaktaur skeleton (Vaults:3)
  2 ice devils
  A catoblepas skeleton (Crypt:2)
  2 guardian mummies
  A harpy zombie (Crypt:3)
  2 hydra zombies
  4 tormentors (Pan)
  A queen bee (shapeshifter) (Vaults:5)
  3 tengu conjurers
  A troll (shapeshifter) (Depths:1)
  10 red devils (Pan)
  45 jumping spiders
  A queen bee (Depths:4)
  7 trolls
  7 tyrant leeches
  63 slime creatures
  A wind drake (Lair:6)
  4 meliai
  30 hornets
  22 polar bears
  An ettin zombie (Vaults:3)
  A minotaur skeleton (Crypt:2)
  15 hippogriffs
  A guardian serpent zombie (Crypt:1)
  2 fire dragon zombies
  2 snapping turtles (shapeshifter)
  31 blink frogs
  10 bog bodies
  An ice dragon zombie (Crypt:3)
  A jumping spider zombie (Crypt:1)
  3 spriggan zombies
  A death drake skeleton (Crypt:2)
  2 redbacks (shapeshifter)
  A guardian serpent skeleton (Crypt:2)
  An ice dragon skeleton (Crypt:1)
  71 redbacks
  18 ynoxinuls (Pan)
  6 shadows
  12 starcursed masses (Abyss:3)
  A tarantella (shapeshifter) (Vaults:4)
  7 wyverns
  67 yaks
  10 spriggans
  18 water elementals
  A black mamba zombie (Crypt:3)
  A yak (shapeshifter) (Vaults:1)
  A fire elemental (Elf:3)
  10 wraiths
  30 tarantellas
  A vampire (D:9)
  4 fire bats (D:12)
  9 air elementals
  8 basilisks
  3 hungry ghosts
  2 steam dragons
  22 chaos spawn
  20 neqoxecs
  15 vampire mosquitoes
  22 swamp worms
  A torturous demonspawn zombie (Crypt:1)
  12 wargs
  An acid dragon (D:14)
  11 insubstantial wisps
  14 soldier ants (Spider:1)
  8 hell hounds
  An acid dragon (shapeshifter) (Vaults:5)
  3 floating eyes
  2 floating eyes (shapeshifter) (Vaults:2)
  12 water moccasins
  8 porcupines
  5 black bears
  9 ice beasts
  12 swamp drakes
  6 eyes of draining
  49 orc warriors
  2 sky beasts
  A snapping turtle zombie (Crypt:3)
  35 ogres
  A phantom (Depths:1)
  A wolf (shapeshifter) (Vaults:5)
  14 boggarts
  19 necrophages
  2 swamp dragon skeletons
  29 wolves
  A hog zombie (Crypt:1)
  An elephant skeleton (Crypt:2)
  5 centaurs
  33 crocodiles
  6 big kobolds
  15 bullfrogs
  A wyvern zombie (D:11)
  3 earth elementals
  2 draconian skeletons (Crypt:2)
  7 wyvern skeletons
  8 scorpions
  25 killer bees
  3 human simulacra
  21 wights
  A howler monkey (D:11)
  2 electric eels
  8 crimson imps
  2 lava snakes (D:12)
  A small abomination (Depths:1)
  2 centaur zombies (D:11)
  A bullfrog zombie (D:6)
  6 human zombies
  3 quasits
  A soldier ant zombie (Crypt:2)
  2 iron imps
  29 orc wizards
  4 bullfrog skeletons
  62 orc priests
  7 hounds
  2 human skeletons (D:11)
  6 jellies
  3 iguanas
  A hell rat (Depths:1)
  31 worker ants
  An ogre zombie (D:11)
  An acid dragon skeleton (Crypt:2)
  A naga skeleton (Crypt:1)
  An ogre skeleton (D:11)
  A hound skeleton (D:6)
  A howler monkey zombie (D:6)
  2 mummies (D:11)
  A worker ant zombie (D:5)
  12 adders
  5 shadow imps
  4 white imps
  An ufetubus (Depths:5)
  An adder zombie (D:9)
  2 adder skeletons
  4 worms
  12 leopard geckos
  149 orcs
  2 giant cockroaches
  4 goblins
  3 hobgoblins
  4 jackals (D:11)
  2 quokkas
  8 bats
  12 frilled lizards
  A hobgoblin zombie (Crypt:1)
  A jackal skeleton (D:6)
  20 kobolds
  A leopard gecko skeleton (D:5)
  A leopard gecko zombie (D:7)
  An orc skeleton (D:11)
  An orc zombie (D:11)
  6 rats
  2 fire vortices (D:12)
  2 fungi (Swamp:3)
  3 withered plants (Crypt:3)
3269 creatures vanquished.

Vanquished Creatures (collateral kills)
  the Royal Jelly (Slime:5)
  An azure jelly (Slime:5)
  A warmonger (Pan)
  An infernal demonspawn (Pan)
  A torturous demonspawn (Pan)
  2 smoke demons (Pan)
  A demonic crawler (Pan)
  2 ushabtiu (Crypt:3)
  A neqoxec (Pan)
11 creatures vanquished.

Vanquished Creatures (others)
  A blood saint (Pan)
  A mummy priest (Crypt:3)
  A deep elf knight (Elf:1)
  A sixfirhy (Pan)
  A deep elf mage (Elf:1)
  2 orc warriors (Vaults:2)
  A crocodile (Lair:1)
  An orc wizard (Elf:1)
  2 ball lightnings (Pan)
  An orc (Vaults:2)
  A fire vortex (D:12)
  7 fungi
  5 plants
  3 withered plants
28 creatures vanquished.

Grand Total: 3308 creatures vanquished

Notes
Turn   | Place    | Note
-------+----------+-------------------------------------------
     0 | D:1      | Gorice the Minotaur Arcane Marksman began the quest for the Orb.
     0 | D:1      | Reached XP level 1. HP: 16/16 MP: 1/1
   222 | D:1      | Reached skill level 3 in Crossbows
   334 | D:1      | Reached XP level 2. HP: 23/23 MP: 2/2
  1261 | D:2      | Reached skill level 4 in Crossbows
  1261 | D:2      | Reached XP level 3. HP: 27/28 MP: 3/3
  1873 | D:3      | Reached XP level 4. HP: 33/35 MP: 4/4
  1876 | D:3      | Reached skill level 5 in Crossbows
  2337 | D:4      | Reached skill level 6 in Crossbows
  2337 | D:4      | Reached XP level 5. HP: 39/40 MP: 5/5
  2362 | D:4      | Noticed an ogre
  2374 | D:4      | Killed an ogre
  2490 | D:4      | Reached skill level 7 in Crossbows
  2490 | D:4      | Reached XP level 6. HP: 47/47 MP: 6/6
  2867 | D:4      | Found a staircase to the Ecumenical Temple.
  2876 | Temple   | Entered the Ecumenical Temple
  3108 | Temple   | Became a worshipper of Warmaster Okawaru
  3296 | D:5      | Entered Level 5 of the Dungeon
  3797 | D:5      | Noticed an ice beast
  3804 | D:5      | Killed an ice beast
  3804 | D:5      | Reached skill level 8 in Crossbows
  3994 | D:5      | Reached XP level 7. HP: 52/52 MP: 7/7
  4268 | D:6      | Reached skill level 9 in Crossbows
  4301 | D:6      | --wow 115 bolts by D6 using Xbow for all killing!
  4311 | D:6      | Reached * piety under Okawaru
  4602 | D:6      | Got heavily runed swamp dragon scales
  4615 | D:6      | Identified the +7 swamp dragon scales of Impermeability {rPois Str+5 Dex+2} (You found it on level 6 of the Dungeon)
  4615 | D:6      | --nice!
  4645 | D:6      | Reached skill level 10 in Crossbows
  4667 | D:6      | Noticed a two-headed ogre
  4740 | D:6      | Reached skill level 2 in Fighting
  4740 | D:6      | Reached skill level 1 in Armour
  4740 | D:6      | Reached skill level 1 in Invocations
  4740 | D:6      | Reached XP level 8. HP: 51/61 MP: 8/8
  4764 | D:6      | Found Dingu's Armour Boutique.
  5101 | D:7      | Found a hazy altar of Hepliaklqana.
  5188 | D:7      | Reached skill level 2 in Armour
  5236 | D:7      | Reached skill level 2 in Invocations
  5314 | D:7      | Reached skill level 3 in Fighting
  5429 | D:7      | Reached skill level 3 in Armour
  5511 | D:7      | Reached ** piety under Okawaru
  5610 | D:7      | Reached skill level 4 in Fighting
  5610 | D:7      | Reached skill level 3 in Invocations
  6161 | D:8      | Noticed Joseph
  6467 | D:6      | Killed a two-headed ogre
  6467 | D:6      | Reached skill level 6 in Fighting
  6467 | D:6      | Reached skill level 5 in Armour
  6467 | D:6      | Reached XP level 9. HP: 75/75 MP: 7/10
  6496 | D:6      | Reached skill level 6 in Armour
  6535 | D:6      | Bought a +1 pair of gloves of strength for 231 gold pieces
  6654 | D:8      | Killed Joseph
  6654 | D:8      | Reached skill level 7 in Fighting
  6722 | D:8      | Reached skill level 7 in Armour
  6748 | D:8      | Noticed KristoblXynda's ghost (novice DsMo)
  6825 | D:8      | Reached *** piety under Okawaru
  7114 | D:8      | Reached skill level 8 in Fighting
  7172 | D:8      | Reached skill level 8 in Armour
  7347 | D:8      | Noticed a two-headed ogre
  7353 | D:8      | Killed a two-headed ogre
  7353 | D:8      | Received a gift from Okawaru
  7353 | D:8      | Reached skill level 9 in Fighting
  7389 | D:8      | Reached skill level 9 in Armour
  7429 | D:8      | Reached XP level 10. HP: 91/91 MP: 11/11
  7513 | D:7      | Noticed a green ugly thing
  7522 | D:7      | Killed a green ugly thing
  7620 | D:7      | Reached skill level 10 in Fighting
  7781 | D:9      | Reached skill level 10 in Armour
  8014 | D:9      | Noticed a two-headed ogre
  8042 | D:9      | Killed a two-headed ogre
  8042 | D:9      | Reached **** piety under Okawaru
  8042 | D:9      | Received a gift from Okawaru
  8042 | D:9      | Reached skill level 3 in Dodging
  8236 | D:9      | Reached skill level 4 in Dodging
  8363 | D:9      | Noticed a two-headed ogre
  8368 | D:9      | Killed a two-headed ogre
  8368 | D:9      | Received a gift from Okawaru
  8368 | D:9      | Reached skill level 11 in Fighting
  8368 | D:9      | Reached skill level 5 in Dodging
  8380 | D:9      | Got a faintly glowing golden ring
  8382 | D:9      | Identified the ring "Ifui" {rF+ Str+6 Int+3} (You found it on level 9 of the Dungeon)
  8422 | D:9      | Learned a level 1 spell: Corona
  8862 | D:10     | Entered Level 10 of the Dungeon
  9014 | D:10     | Noticed a two-headed ogre
  9040 | D:10     | Reached skill level 6 in Dodging
  9046 | D:10     | Reached XP level 11. HP: 92/104 MP: 12/12
  9065 | D:10     | Killed a two-headed ogre
  9065 | D:10     | Reached ***** piety under Okawaru
  9065 | D:10     | Received a gift from Okawaru
  9065 | D:10     | Reached skill level 12 in Fighting
  9134 | D:10     | Found a roughly hewn altar of Beogh.
  9271 | D:10     | Reached skill level 7 in Dodging
  9274 | D:10     | Noticed a two-headed ogre
  9282 | D:10     | Killed a two-headed ogre
  9522 | D:10     | Received a gift from Okawaru
  9609 | D:10     | Reached skill level 8 in Dodging
  9702 | D:10     | Noticed Gorice's ghost (novice MiAM)
  9850 | D:10     | Reached skill level 13 in Fighting
  9892 | D:10     | Found a roughly hewn altar of Beogh.
 10486 | D:11     | Reached skill level 9 in Dodging
 10746 | D:11     | Noticed a four-headed hydra
 11004 | D:11     | Killed a four-headed hydra
 11090 | D:11     | Got a bloodstained dire flail
 11224 | D:11     | Found a staircase to the Lair.
 11435 | D:11     | Found an ancient bone altar of Kikubaaqudgha.
 11511 | Lair:1   | Entered Level 1 of the Lair of Beasts
 11514 | Lair:1   | Noticed wazuzu's ghost (journeyman DrFE)
 11521 | D:11     | Identified the +6 dire flail of Kaos {vamp, Str+8 Int-5} (You found it on level 11 of the Dungeon)
 11575 | D:12     | Found a staircase to the Orcish Mines.
 11676 | D:12     | --nice!
 11678 | D:12     | Reached XP level 12. HP: 116/116 MP: 13/13
 11693 | D:12     | Reached skill level 11 in Armour
 11700 | D:12     | Reached skill level 14 in Fighting
 11723 | D:12     | Noticed a five-headed hydra
 11730 | D:12     | Killed a five-headed hydra
 11731 | D:12     | Noticed a two-headed ogre
 11737 | D:12     | Killed a two-headed ogre
 11737 | D:12     | Received a gift from Okawaru
 11991 | D:12     | Received a gift from Okawaru
 11998 | D:12     | Reached skill level 12 in Armour
 12110 | D:12     | Noticed a catoblepas
 12460 | Orc:1    | Entered Level 1 of the Orcish Mines
 12463 | Orc:1    | Paralysed by an orc sorcerer for 4 turns
 12469 | D:12     | Reached skill level 15 in Fighting
 12589 | Orc:1    | Received a gift from Okawaru
 12592 | Orc:1    | Found Ytud's Gadget Shop.
 12874 | Orc:2    | Entered Level 2 of the Orcish Mines
 12874 | Orc:2    | Found Fytics's Armour Emporium.
 12887 | Orc:2    | Bought a +2 pair of gloves of archery for 236 gold pieces
 12994 | Orc:2    | Noticed an ettin
 13022 | Orc:2    | Noticed an orc high priest
 13379 | Orc:1    | Reached skill level 4 in Invocations
 13662 | Orc:1    | Killed an ettin
 13662 | Orc:1    | Reached skill level 13 in Armour
 13756 | Orc:2    | Reached skill level 5 in Invocations
 13802 | Orc:2    | Noticed an orc high priest
 13810 | Orc:2    | Killed an orc high priest
 13810 | Orc:2    | Received a gift from Okawaru
 13812 | Orc:2    | --at last an arbalest (1st non-ammo gift)!
 14017 | Orc:2    | Noticed an orc high priest
 14030 | Orc:1    | Killed an orc high priest
 14195 | Orc:1    | Killed an orc high priest
 14195 | Orc:1    | Reached skill level 6 in Invocations
 14195 | Orc:1    | Reached XP level 13. HP: 113/126 MP: 16/16
 14369 | Orc:2    | Found a roughly hewn altar of Beogh.
 14418 | Orc:2    | Found Tud Narif's Weapon Shoppe.
 14418 | Orc:2    | Found Eneseq's Gadget Shop.
 14436 | Orc:2    | Bought a wand of heal wounds (3/9) for 588 gold pieces
 14543 | Orc:2    | Found Meon's Jewellery Shoppe.
 14543 | Orc:2    | Found Ythenad's Gadget Shop.
 14763 | Orc:2    | Found a staircase to the Elven Halls.
 15240 | Orc:2    | Reached skill level 11 in Crossbows
 15254 | Orc:1    | Reached skill level 7 in Invocations
 15280 | Orc:1    | Found a roughly hewn altar of Beogh.
 15396 | Orc:2    | Received a gift from Okawaru
 15397 | Orc:2    | Got a distressingly furry buckler {god gift}
 15520 | Orc:2    | Bought a wand of teleportation (3/9) for 336 gold pieces
 15622 | D:11     | Identified the +2 buckler of the Ward {rElec rC+ rCorr Str+3} (Okawaru gifted it to you on level 2 of the Orcish Mines)
 15649 | Lair:1   | Killed wazuzu's ghost
 15927 | Lair:1   | Reached skill level 8 in Invocations
 16609 | Lair:2   | Reached skill level 12 in Crossbows
 16925 | Lair:2   | Reached ****** piety under Okawaru
 17377 | Lair:2   | Reached skill level 14 in Armour
 17578 | Lair:3   | Found a frozen archway.
 17610 | IceCv    | Entered an ice cave
 17638 | IceCv    | Reached skill level 13 in Crossbows
 17850 | IceCv    | Received a gift from Okawaru
 17852 | IceCv    | Got a transparent plate armour {god gift}
 17867 | IceCv    | Reached XP level 14. HP: 135/135 MP: 19/19
 17897 | IceCv    | Identified the +3 plate armour of Buabript {rC++ Regen+ Dex+2} (Okawaru gifted it to you in an ice cave)
 18123 | IceCv    | Noticed a frost giant
 18143 | IceCv    | Killed a frost giant
 18143 | IceCv    | Reached skill level 14 in Crossbows
 18620 | Lair:3   | Noticed Fannar
 18630 | Lair:3   | Killed Fannar
 18773 | Lair:3   | Found a hole to the Spider Nest.
 19402 | Lair:4   | Reached skill level 15 in Armour
 19430 | Lair:3   | Reached skill level 15 in Crossbows
 19490 | Lair:4   | Found a staircase to the Swamp.
 19509 | Lair:4   | Received a gift from Okawaru
 20801 | Lair:4   | Identified a scroll of acquirement
 20802 | Lair:4   | Got a pair of heavily runed gloves
 20813 | Lair:4   | Identified the +0 pair of gloves of Mental Paralysis {Dex+2} (You acquired it on level 4 of the Lair of Beasts)
 21034 | Lair:5   | Reached skill level 16 in Crossbows
 21361 | Lair:5   | Reached XP level 15. HP: 141/141 MP: 20/20
 21774 | Lair:6   | Entered Level 6 of the Lair of Beasts
 21885 | Lair:6   | Received a gift from Okawaru
 22043 | Lair:6   | Reached skill level 16 in Armour
 22267 | Lair:6   | Reached skill level 17 in Crossbows
 22490 | Lair:6   | Found a staircase to the Slime Pits.
 22834 | Lair:6   | Noticed Snorg
 22840 | Lair:6   | Killed Snorg
 22840 | Lair:6   | Received a gift from Okawaru
 22934 | Lair:6   | Identified Qaun's Disquisition on Attacks
 23046 | Lair:5   | Received a gift from Okawaru
 23233 | Orc:2    | Bought a wand of digging (15/24) for 608 gold pieces
 23293 | D:13     | Reached skill level 10 in Dodging
 23486 | D:13     | Received a gift from Okawaru
 23717 | D:13     | Found a gate to the Vaults.
 23798 | D:13     | Reached skill level 18 in Crossbows
 23862 | D:13     | Noticed Urug
 23868 | D:13     | Killed Urug
 24002 | D:13     | Reached skill level 11 in Dodging
 25293 | D:14     | Upgraded the game from 0.20-a0-309-gcba9277 to 0.20-a0-315-g8346a86
 25519 | D:15     | Entered Level 15 of the Dungeon
 25581 | D:15     | Reached skill level 12 in Dodging
 25582 | D:15     | Found a staircase to the Depths.
 25638 | D:15     | Reached XP level 16. HP: 131/149 MP: 21/21
 25724 | D:15     | Noticed Nessos
 25736 | D:15     | Killed Nessos
 25817 | D:15     | Reached skill level 13 in Dodging
 26045 | D:15     | Received a gift from Okawaru
 26055 | D:15     | Found Loeciojo's Magic Scroll Emporium.
 26062 | D:15     | Bought a scroll of blinking for 127 gold pieces
 26645 | Spider:1 | Entered Level 1 of the Spider Nest
 26653 | Spider:1 | Reached skill level 1 in Evocations
 26692 | Spider:1 | Reached skill level 14 in Dodging
 26781 | Spider:1 | Reached skill level 2 in Evocations
 26901 | Spider:1 | Reached skill level 3 in Evocations
 27016 | Spider:1 | Reached skill level 4 in Evocations
 27530 | Spider:2 | Received a gift from Okawaru
 27538 | Spider:2 | Reached skill level 5 in Evocations
 27722 | Spider:2 | Received a gift from Okawaru
 27722 | Spider:2 | Reached skill level 15 in Dodging
 28231 | Spider:2 | Reached skill level 6 in Evocations
 28261 | Spider:2 | HP: 39/149 [wolf spider (6)]
 28268 | Spider:2 | HP: 39/149 [poisoned by a redback]
 28276 | Spider:2 | HP: 39/149 [poisoned by a redback]
 28335 | Spider:2 | HP: 35/149 [emperor scorpion[a torpor snail] (10)]
 28832 | Spider:2 | Reached XP level 17. HP: 156/156 MP: 22/22
 29108 | Spider:3 | Received a gift from Okawaru
 29213 | Spider:3 | Reached skill level 7 in Evocations
 29471 | Spider:3 | Received a gift from Okawaru
 29476 | Spider:3 | Got a pitted fustibalus {god gift}
 29496 | Spider:3 | Identified the +5 fustibalus "Xeer" {freeze, rN+ MR+ Dex-4} (Okawaru gifted it to you on level 3 of the Spider Nest)
 29779 | Spider:3 | Reached skill level 16 in Dodging
 29866 | Spider:4 | Entered Level 4 of the Spider Nest
 30057 | Spider:4 | Reached skill level 1 in Stealth
 30538 | Spider:4 | Reached skill level 2 in Stealth
 30538 | Spider:4 | Reached skill level 8 in Evocations
 30816 | Spider:4 | Received a gift from Okawaru
 31051 | Spider:4 | Reached skill level 9 in Invocations
 31086 | Spider:4 | Reached skill level 3 in Stealth
 31170 | Spider:4 | Got a faintly glowing dagger
 31369 | Spider:4 | Reached skill level 4 in Stealth
 31394 | Spider:4 | Reached skill level 9 in Evocations
 31414 | Spider:4 | Got a gossamer rune of Zot
 31595 | Lair:1   | Identified the +5 dagger "Caoriati" {flame, +Fly rN+ Stlth+} (You found it on level 4 of the Spider Nest)
 31814 | Swamp:1  | Entered Level 1 of the Swamp
 31945 | Swamp:1  | Noticed Roxanne
 31958 | Swamp:1  | Killed Roxanne
 32076 | Swamp:1  | Noticed Donald
 32096 | Swamp:1  | Killed Donald
 32426 | Swamp:1  | You fall through a shaft!
 32582 | Swamp:2  | Received a gift from Okawaru
 32583 | Swamp:2  | Reached skill level 5 in Stealth
 32583 | Swamp:2  | Reached skill level 10 in Invocations
 32880 | Swamp:2  | Received a gift from Okawaru
 32926 | Swamp:2  | Reached XP level 18. HP: 163/163 MP: 24/24
 33765 | Swamp:3  | Reached skill level 6 in Stealth
 33765 | Swamp:3  | Reached skill level 10 in Evocations
 34484 | Swamp:4  | Entered Level 4 of the Swamp
 34807 | Swamp:4  | Received a gift from Okawaru
 35123 | Swamp:4  | Reached skill level 16 in Fighting
 35563 | Swamp:4  | Reached skill level 11 in Evocations
 35697 | Swamp:4  | Got a decaying rune of Zot
 36037 | Vaults:1 | Entered Level 1 of the Vaults
 36075 | Vaults:1 | Received a gift from Okawaru
 36358 | Vaults:1 | Received a gift from Okawaru
 36415 | Vaults:1 | Received a gift from Okawaru
 36463 | Vaults:1 | Upgraded the game from 0.20-a0-315-g8346a86 to 0.20-a0-331-g5b3579f
 36566 | Vaults:1 | Reached skill level 17 in Fighting
 36566 | Vaults:1 | Paralysed by a great orb of eyes for 2 turns
 36571 | Vaults:1 | Cast into level 3 of the Abyss (a deep elf sorcerer)
 36639 | Abyss:3  | Reached skill level 12 in Evocations
 36648 | Abyss:3  | Noticed a tentacled monstrosity
 36653 | Abyss:3  | Killed a tentacled monstrosity
 36727 | Abyss:3  | Got an abyssal rune of Zot
 36779 | Abyss:3  | Reached XP level 19. HP: 82/177 MP: 3/27
 36810 | Vaults:1 | Escaped the Abyss
 36811 | Vaults:1 | HP: 50/177 [great orb of eyes (11)]
 37155 | Vaults:1 | Noticed Jorgrun
 37165 | Vaults:1 | Killed Jorgrun
 37407 | Vaults:1 | Reached skill level 7 in Stealth
 38051 | Vaults:1 | Paralysed by a great orb of eyes for 6 turns
 38191 | Vaults:1 | Received a gift from Okawaru
 38353 | Vaults:2 | Noticed Saint Roka
 38364 | Vaults:2 | Killed Saint Roka
 38455 | Vaults:2 | Identified a +0 pair of boots of running (You acquired it on level 2 of the Vaults)
 38618 | Vaults:2 | Learned a level 1 spell: Apportation
 38645 | Vaults:2 | Found a roughly hewn altar of Beogh.
 38657 | Vaults:2 | Received a gift from Okawaru
 38791 | Vaults:2 | Reached skill level 8 in Stealth
 38835 | Vaults:2 | Reached skill level 17 in Armour
 38845 | Vaults:2 | Reached skill level 18 in Fighting
 39150 | Vaults:2 | Noticed Bai Suzhen
 39167 | Vaults:2 | Killed Bai Suzhen
 39428 | Vaults:2 | Reached skill level 9 in Stealth
 39836 | Vaults:3 | Received a gift from Okawaru
 39932 | Vaults:3 | Reached XP level 20. HP: 183/189 MP: 28/28
 40003 | Vaults:3 | Received a gift from Okawaru
 40110 | Vaults:3 | Reached skill level 18 in Armour
 40321 | Vaults:3 | Reached skill level 19 in Fighting
 40717 | Vaults:3 | Found a staircase to the Crypt.
 40717 | Vaults:3 | Found a basalt altar of Yredelemnul.
 40718 | Vaults:3 | Found an ancient bone altar of Kikubaaqudgha.
 41401 | Vaults:4 | Received a gift from Okawaru
 41527 | Vaults:4 | Received a gift from Okawaru
 41814 | Vaults:4 | Reached skill level 17 in Dodging
 41822 | Vaults:4 | Received a gift from Okawaru
 42516 | Vaults:4 | Reached skill level 19 in Armour
 42607 | Vaults:4 | Received a gift from Okawaru
 42616 | Vaults:4 | Got a pair of jewelled gloves {god gift}
 42654 | Vaults:4 | Identified the +1 pair of gloves of Summer {Stlth+} (Okawaru gifted it to you on level 4 of the Vaults)
 42669 | Vaults:4 | Found Xir Uqiv's Book Shoppe.
 42689 | Vaults:4 | Bought a book of Air for 420 gold pieces
 42692 | Vaults:4 | Learned a level 2 spell: Repel Missiles
 42695 | Vaults:4 | Learned a level 2 spell: Swiftness
 42909 | Lair:1   | Upgraded the game from 0.20-a0-331-g5b3579f to 0.20-a0-345-gbfb25ec
 43024 | Elf:1    | Entered Level 1 of the Elven Halls
 43039 | Elf:1    | Identified the Incunabulum of Destiny
 43535 | Elf:1    | Reached skill level 20 in Fighting
 43824 | Elf:1    | Reached XP level 21. HP: 190/201 MP: 29/29
 43858 | Elf:1    | HP: 48/201 [something/shard of ice (28)]
 43898 | Elf:1    | Found Rymo's Weapon Boutique.
 44485 | Elf:2    | Found a runed gate.
 44486 | Elf:2    | Found a runed gate.
 44496 | Elf:2    | Found a runed gate.
 44850 | Elf:2    | Reached skill level 18 in Dodging
 45309 | Elf:3    | Entered Level 3 of the Elven Halls
 45375 | Elf:3    | Received a gift from Okawaru
 45555 | Elf:3    | Found Jookk's General Store.
 45555 | Elf:3    | Cast into level 3 of the Abyss (a deep elf demonologist)
 45570 | Elf:3    | Escaped the Abyss
 45745 | Elf:3    | Reached skill level 3 in Hexes
 45868 | Elf:3    | Found a roughly hewn altar of Beogh.
 45894 | Elf:3    | Reached skill level 20 in Armour
 45931 | Elf:3    | Received a gift from Okawaru
 45945 | Elf:3    | Cast into level 2 of the Abyss (a deep elf sorcerer)
 45948 | Abyss:2  | Found a corrupted altar of Lugonu.
 45988 | Elf:3    | Escaped the Abyss
 46003 | Elf:3    | Received a gift from Okawaru
 46234 | Elf:3    | Found Xivueqy's Antique Armour Boutique.
 46237 | Elf:3    | Found Tullef's Antique Weapon Shop.
 46242 | Elf:3    | Bought 2 scrolls of blinking for 285 gold pieces
 46344 | Elf:3    | Reached skill level 4 in Hexes
 46462 | Elf:3    | HP: 54/203 [???[a deep elf demonologist] (40)]
 46967 | Elf:3    | Got a glittering ivory ring
 46998 | Elf:3    | Identified the ring of Descent {+Fly rN+++ Str-2 Dex+8} (You took it off a deep elf high priest on level 3 of the Elven Halls)
 47031 | Elf:3    | Received a gift from Okawaru
 47191 | Elf:3    | Identified Vaeramyil's Grimoire of the Volcanoes and Transmigration
 47277 | Elf:3    | Identified the Papyrus of the Compass and Venom
 47291 | Elf:3    | Learned a level 2 spell: Blink
 47934 | Lair:1   | Learned a level 3 spell: Regeneration
 48179 | Crypt:1  | Entered Level 1 of the Crypt
 48355 | Crypt:1  | Reached skill level 21 in Fighting
 48504 | Crypt:1  | Reached XP level 22. HP: 191/213 MP: 27/30
 48637 | Crypt:1  | Noticed Sojobo
 48660 | Crypt:1  | Killed Sojobo
 48735 | Crypt:1  | Reached skill level 5 in Hexes
 48784 | Crypt:1  | Found a basalt altar of Yredelemnul.
 49140 | Crypt:1  | Reached skill level 19 in Dodging
 49140 | Crypt:1  | Reached skill level 1 in Translocations
 49308 | Crypt:2  | Noticed Jory
 49322 | Crypt:2  | Killed Jory
 49465 | Crypt:2  | Found an ancient bone altar of Kikubaaqudgha.
 49570 | Crypt:2  | Reached skill level 2 in Translocations
 49858 | Crypt:2  | Paralysed by a vampire knight for 2 turns
 50157 | Crypt:2  | Received a gift from Okawaru
 50334 | Crypt:3  | Entered Level 3 of the Crypt
 50551 | Crypt:3  | Reached skill level 3 in Translocations
 50911 | Crypt:3  | Reached skill level 21 in Armour
 51261 | Crypt:3  | Reached skill level 4 in Translocations
 51327 | Crypt:3  | Identified the Incunabulum of Darkness
 51435 | Crypt:3  | HP: 60/214 [flayed ghost/flay_damage (27)]
 51692 | Crypt:3  | Found a basalt altar of Yredelemnul.
 51703 | Crypt:3  | Received a gift from Okawaru
 52058 | Crypt:3  | Learned a level 3 spell: Portal Projectile
 52194 | Crypt:3  | Found a staircase to the Tomb.
 52569 | Crypt:3  | HP: 55/215 [??? (22)]
 52574 | Crypt:3  | HP: 30/215 [??? (12)]
 52577 | Crypt:3  | Received a gift from Okawaru
 52577 | Crypt:3  | Reached skill level 5 in Translocations
 52948 | Crypt:3  | Reached XP level 23. HP: 222/222 MP: 31/31
 53252 | Vaults:2 | Received a gift from Okawaru
 53555 | Depths:1 | Entered Level 1 of the Depths
 53555 | Depths:1 | Found a runed gate.
 53555 | Depths:1 | Found a runed gate.
 53555 | Depths:1 | Found a runed gate.
 53661 | Depths:1 | Reached skill level 22 in Fighting
 53730 | Depths:1 | Found a gateway to Hell.
 53935 | Depths:1 | Found a one-way gate leading to the halls of Pandemonium.
 54142 | Depths:1 | Received a gift from Okawaru
 54152 | Depths:1 | Got a slimy robe {god gift}
 54220 | Depths:1 | Noticed a juggernaut
 54235 | Depths:1 | Reached skill level 20 in Dodging
 54286 | Depths:1 | Killed a juggernaut
 54316 | Depths:1 | Got a crude golden ring
 54357 | Depths:1 | Reached skill level 6 in Translocations
 55007 | Depths:1 | Reached skill level 22 in Armour
 55038 | Depths:1 | Got a faintly glowing arbalest
 55047 | Depths:1 | Identified the +1 arbalest of Doom {elec, rElec rC+ Str-2} (You found it on level 1 of the Depths)
 55063 | D:15     | Identified the ring of Kukup {rPois Stlth-} (You took it off a centaur warrior on level 1 of the Depths)
 55283 | Depths:2 | Paralysed by a floating eye for 2 turns
 55293 | Depths:2 | Reached skill level 7 in Translocations
 55495 | Depths:2 | Received a gift from Okawaru
 55675 | Depths:2 | Noticed dondy's ghost (veteran HOBe)
 55711 | Depths:2 | Received a gift from Okawaru
 55754 | Depths:2 | HP: 61/223 [spriggan berserker/quarterstaff (35)]
 55776 | Depths:2 | HP: 60/223 [spriggan rider/spear (11)]
 56185 | Depths:2 | Killed dondy's ghost
 56185 | Depths:2 | Reached skill level 8 in Translocations
 56196 | Depths:2 | Received a gift from Okawaru
 56206 | Depths:2 | Reached skill level 21 in Dodging
 56329 | Depths:2 | Found a one-way gate to the infinite horrors of the Abyss.
 56871 | Depths:2 | Upgraded the game from 0.20-a0-345-gbfb25ec to 0.20-a0-350-ga83eecc
 57037 | Depths:2 | Received a gift from Okawaru
 57157 | Depths:3 | Paralysed by a lich for 3 turns
 57162 | Depths:2 | Received a gift from Okawaru
 57325 | Depths:3 | Reached XP level 24. HP: 231/231 MP: 31/31
 57510 | Depths:3 | Received a gift from Okawaru
 57510 | Depths:3 | Reached skill level 9 in Translocations
 57757 | Depths:3 | Found a gateway to a ziggurat.
 57841 | Depths:3 | Found Reucay's Assorted Antiques.
 57870 | Depths:3 | Bought the +0 mask of the Dragon {MR+ Slay+3 SInv} for 868 gold pieces
 57989 | Depths:3 | Reached skill level 1 in Charms
 58056 | Depths:3 | Reached skill level 2 in Charms
 58438 | D:10     | Killed Gorice's ghost
 58683 | Depths:3 | Found Xoseumo's Gadget Shop.
 58701 | Depths:3 | Found Xarhice's Jewellery Shoppe.
 58702 | Depths:3 | Found Worrokux's Gadget Shop.
 58714 | Depths:3 | Bought a +6 ring of slaying for 1869 gold pieces
 58781 | Depths:3 | Reached skill level 3 in Charms
 59131 | Depths:4 | Noticed junb69's ghost (legendary DsGl)
 59207 | Depths:4 | Noticed a juggernaut
 59214 | Depths:4 | Noticed Mennas
 59217 | Depths:4 | Reached skill level 22 in Dodging
 59230 | Depths:4 | Killed Mennas
 59230 | Depths:4 | Received a gift from Okawaru
 59230 | Depths:4 | Reached skill level 4 in Charms
 59255 | Depths:4 | Got a pair of smoking gloves
 59371 | Depths:4 | Reached skill level 5 in Charms
 59432 | Depths:4 | Identified the +2 pair of gloves of the Hart {MP+9} (You found it on level 4 of the Depths)
 59616 | Depths:4 | Got a bound ivory ring
 59685 | Depths:4 | Reached skill level 1 in Air Magic
 59759 | Depths:4 | Reached skill level 1 in Necromancy
 59876 | Depths:4 | Reached skill level 2 in Air Magic
 59945 | Depths:4 | Received a gift from Okawaru
 59945 | Depths:4 | Reached skill level 2 in Necromancy
 59955 | Depths:4 | Found a runed door.
 59966 | Depths:4 | Noticed Mara
 59976 | Depths:4 | Killed Mara
 59976 | Depths:4 | Reached skill level 2 in Spellcasting
 60026 | Depths:4 | Identified the ring of Xom's Whimsicality {Wiz *Drain rC+++ MR+ SInv} (You took it off a vampire mage on level 4 of the Depths)
 60082 | Depths:4 | Reached skill level 3 in Necromancy
 60143 | Depths:4 | HP: 66/231 [junb69's ghost (4)]
 60149 | Depths:4 | HP: 57/231 [junb69's ghost (11)]
 60161 | Depths:4 | HP: 52/231 [junb69's ghost (7)]
 60164 | Depths:4 | Killed junb69's ghost
 60164 | Depths:4 | Reached skill level 3 in Air Magic
 60166 | Depths:4 | Noticed a juggernaut
 60167 | Depths:4 | HP: 43/231 [storm dragon (8)]
 60261 | Depths:4 | HP: 67/231 [storm dragon (4)]
 60266 | Depths:4 | HP: 64/231 [ice dragon (5)]
 60269 | Depths:4 | Reached XP level 25. HP: 67/238 MP: 15/31
 60825 | Lair:1   | Learned a level 2 spell: Shroud of Golubria
 60837 | Lair:1   | Learned a level 4 spell: Passage of Golubria
 61024 | Vaults:4 | Bought a book of Callings for 360 gold pieces
 61024 | Vaults:4 | Bought a book of Beasts for 660 gold pieces
 61026 | Vaults:4 | Learned a level 1 spell: Summon Butterflies
 61031 | Vaults:4 | Learned a level 4 spell: Summon Lightning Spire
 61443 | Depths:3 | Reached skill level 4 in Necromancy
 61626 | Depths:4 | Reached skill level 6 in Charms
 61626 | Depths:4 | Reached skill level 1 in Summonings
 61626 | Depths:4 | Reached skill level 4 in Air Magic
 61774 | Depths:4 | Reached skill level 3 in Spellcasting
 62076 | Depths:4 | Killed a juggernaut
 62076 | Depths:4 | Reached skill level 2 in Summonings
 62204 | Depths:4 | Reached skill level 3 in Summonings
 62453 | Depths:4 | Received a gift from Okawaru
 62493 | Depths:4 | Killed a juggernaut
 62514 | Depths:4 | Reached skill level 4 in Summonings
 62641 | Depths:4 | Reached skill level 4 in Spellcasting
 63077 | Depths:5 | Entered Level 5 of the Depths
 63110 | Depths:5 | Noticed Louise
 63124 | Depths:5 | Killed Louise
 63124 | Depths:5 | Reached skill level 5 in Air Magic
 63313 | Depths:5 | Reached skill level 5 in Summonings
 63573 | Depths:4 | Received a gift from Okawaru
 63950 | Depths:5 | Reached skill level 6 in Summonings
 64035 | Depths:5 | Reached skill level 5 in Spellcasting
 64451 | Depths:5 | Reached skill level 6 in Air Magic
 64514 | Depths:5 | Found a gate to the Realm of Zot.
 65128 | Vaults:5 | Entered Level 5 of the Vaults
 65373 | Vaults:4 | Reached skill level 7 in Summonings
 65425 | Vaults:4 | Reached skill level 6 in Spellcasting
 65495 | Vaults:4 | Reached skill level 7 in Air Magic
 65694 | Vaults:5 | Reached XP level 26. HP: 246/246 MP: 31/31
 65776 | Vaults:5 | Identified the Almanac of Venomous Bewitchment
 65973 | Vaults:5 | Received a gift from Okawaru
 66044 | Vaults:5 | Reached skill level 8 in Summonings
 66064 | Vaults:5 | Reached skill level 7 in Spellcasting
 66136 | Vaults:5 | Got a shimmering scale mail
 66151 | Vaults:5 | Identified the +5 scale mail of the Hall of Blades {rPois Str-4 Int+8 Dex-3} (You found it on level 5 of the Vaults)
 66263 | Vaults:5 | Got a silver rune of Zot
 66284 | Vaults:5 | Got a pair of faintly glowing gloves
 66295 | Vaults:5 | Identified the +3 pair of gloves of the Gusle {rCorr Str+2 Slay+5} (You found it on level 5 of the Vaults)
 66295 | Vaults:5 | --wow better than +2 gloves of archery!
 66295 | Vaults:5 | --or even gloves of war!
 66309 | Vaults:5 | Reached skill level 8 in Air Magic
 66564 | Vaults:5 | Received a gift from Okawaru
 66568 | Vaults:5 | Noticed an ancient lich
 66580 | Vaults:5 | Killed an ancient lich
 66727 | Vaults:5 | Noticed an ancient lich
 66736 | Vaults:5 | Killed an ancient lich
 66736 | Vaults:5 | Reached skill level 9 in Summonings
 66778 | Vaults:5 | Found Liothill's Distillery.
 66794 | Vaults:5 | Found Haxzeq's Distillery.
 66806 | Vaults:5 | Bought a potion of heal wounds for 90 gold pieces
 66814 | Vaults:5 | Found Iliogrupua's Magic Scroll Boutique.
 66818 | Vaults:5 | Bought a scroll of blinking for 142 gold pieces
 66949 | Vaults:5 | Reached skill level 9 in Air Magic
 66962 | Vaults:5 | Noticed Frederick
 66969 | Vaults:5 | Killed Frederick
 66969 | Vaults:5 | Reached skill level 8 in Spellcasting
 67681 | Vaults:5 | Received a gift from Okawaru
 68004 | Vaults:5 | Received a gift from Okawaru
 68004 | Vaults:5 | Reached skill level 10 in Summonings
 68008 | Vaults:5 | Reached skill level 10 in Air Magic
 68086 | Vaults:5 | Bought 2 potions of cancellation for 240 gold pieces
 68086 | Vaults:5 | Bought a potion of haste for 150 gold pieces
 68086 | Vaults:5 | Bought a potion of haste for 150 gold pieces
 68086 | Vaults:5 | Bought a potion of haste for 150 gold pieces
 68086 | Vaults:5 | Bought a potion of might for 60 gold pieces
 68086 | Vaults:5 | Bought a potion of might for 60 gold pieces
 68098 | Vaults:5 | Bought a potion of haste for 180 gold pieces
 68098 | Vaults:5 | Bought a potion of curing for 54 gold pieces
 68098 | Vaults:5 | Bought a potion of curing for 54 gold pieces
 68098 | Vaults:5 | Bought a potion of resistance for 180 gold pieces
 68098 | Vaults:5 | Bought a potion of cancellation for 144 gold pieces
 68384 | Depths:1 | Reached skill level 9 in Spellcasting
 68449 | Depths:3 | Received a gift from Okawaru
 68449 | Depths:3 | Reached XP level 27. HP: 254/254 MP: 35/35
 68473 | Depths:3 | Got a scorched arbalest {god gift}
 68474 | Depths:3 | Identified the +5 arbalest of the Disturbing Ghosts {venom, MR+ Stlth+} (Okawaru gifted it to you on level 3 of the Depths)
 68583 | Depths:3 | Bought a potion of cancellation for 208 gold pieces
 69012 | Slime:1  | Entered Level 1 of the Pits of Slime
 69084 | Slime:3  | Paralysed by a floating eye for 3 turns
 69270 | Slime:5  | Entered Level 5 of the Pits of Slime
 69524 | Slime:5  | Noticed the Royal Jelly
 69751 | Slime:5  | Found a viscous altar of Jiyva.
 69762 | Slime:5  | Killed the Royal Jelly
 70079 | Slime:4  | Received a gift from Okawaru
 70451 | Slime:5  | Got a heavily runed ring mail
 70476 | Slime:5  | Got a warped tin ring
 70500 | Slime:5  | Got a pair of translucent gloves
 70526 | Slime:5  | Got a slimy rune of Zot
 70540 | Slime:5  | Got a fine whip
 70544 | Slime:5  | Identified the ring "Jyfumpat" {Str+3 Dex+2} (You found it on level 5 of the Pits of Slime)
 70545 | Slime:5  | Identified the +0 pair of gloves of Integrity {rPois Dex+6} (You found it on level 5 of the Pits of Slime)
 70546 | Slime:5  | Identified the +4 whip of Qazlal's Generosity {slash, +Fly rElec rF- Str+7} (You found it on level 5 of the Pits of Slime)
 70547 | Slime:5  | Identified the +2 ring mail "Nomuojiu" {rCorr Slay+4} (You found it on level 5 of the Pits of Slime)
 71026 | Pan      | Entered Pandemonium
 71059 | Pan      | Reached skill level 5 in Necromancy
 71464 | Pan      | Reached skill level 10 in Spellcasting
 71578 | Pan      | Found an exit through the horrors of the Abyss.
 71778 | Pan      | Reached skill level 10 in Translocations
 71838 | Pan      | Received a gift from Okawaru
 72145 | Pan      | Noticed Oxiloic the pandemonium lord
 72155 | Pan      | Killed Oxiloic the pandemonium lord
 72155 | Pan      | Reached skill level 6 in Necromancy
 72302 | Depths:1 | Escaped Pandemonium
 72312 | Pan      | Entered Pandemonium
 72327 | Pan      | Found an exit through the horrors of the Abyss.
 72451 | Pan      | Noticed Buitsed the pandemonium lord
 72462 | Pan      | Killed Buitsed the pandemonium lord
 72744 | Pan      | Noticed Nurchuluo the pandemonium lord
 72761 | Pan      | Reached skill level 7 in Necromancy
 72772 | Pan      | Killed Nurchuluo the pandemonium lord
 73142 | Pan      | Noticed Saqem the pandemonium lord
 73155 | Pan      | Reached skill level 11 in Translocations
 73164 | Pan      | Killed Saqem the pandemonium lord
 73320 | Pan      | Reached skill level 11 in Spellcasting
 73451 | Pan      | Got a demonic rune of Zot
 73454 | Pan      | Noticed Ruidgh Soth the pandemonium lord
 73507 | Pan      | Reached skill level 8 in Necromancy
 73693 | Pan      | Killed Ruidgh Soth the pandemonium lord
 73693 | Pan      | Received a gift from Okawaru
 73789 | Depths:1 | Escaped Pandemonium
 73886 | Pan      | Entered Pandemonium
 73990 | Pan      | Received a gift from Okawaru
 73998 | Pan      | Got a faintly humming plate armour {god gift}
 74036 | Pan      | Found an exit through the horrors of the Abyss.
 74050 | Pan      | Identified the +7 plate armour "Hylerphoick" {Int+3 SInv} (Okawaru gifted it to you in Pandemonium)
 74109 | Pan      | Reached skill level 13 in Evocations
 74381 | Pan      | Noticed Wabrigh the pandemonium lord
 74396 | Pan      | Killed Wabrigh the pandemonium lord
 74585 | Pan      | Identified Wanav's Handbook of Feathers and the Entourage
 74594 | Pan      | Learned a level 5 spell: Silence
 74663 | Pan      | Reached skill level 23 in Fighting
 74680 | Pan      | HP: 77/258 [gelid blood saint/dagger (8)]
 74685 | Pan      | HP: 77/258 [gelid blood saint/dagger (3)]
 74691 | Pan      | HP: 65/258 [soul eater/drain life (12)]
 74706 | Pan      | HP: 42/258 [??? (33)]
 74708 | Pan      | HP: 14/258 [??? (10)]
 74716 | Pan      | HP: 5/258 [smoke demon/divine providence (13)]
 75056 | Pan      | HP: 77/258 [??? (63)]
 75056 | Pan      | HP: 37/258 [??? (29)]
 75061 | Pan      | HP: 30/258 [poisoned by a green death (poison arrow)]
 75067 | Pan      | HP: 36/258 [Executioner (1)]
 75072 | Pan      | HP: 35/258 [Executioner (2)]
 75537 | Pan      | Found an exit through the horrors of the Abyss.
 75604 | Pan      | Reached skill level 14 in Evocations
 75670 | Pan      | Reached skill level 6 in Hexes
 75756 | Pan      | Noticed Saonuer the pandemonium lord
 75773 | Pan      | HP: 66/258 [Saonuer the pandemonium lord (33)]
 75773 | Pan      | HP: 27/258 [Saonuer the pandemonium lord (12)]
 75842 | Pan      | HP: 66/258 [something/ball of steam (17)]
 76035 | Pan      | Got a transparent battleaxe
 76094 | Pan      | Identified the cursed +0 battleaxe of Disharmony {flame, -Tele rF+ Dex+6} (You found it in Pandemonium)
 76166 | Pan      | Noticed Peisuvec the pandemonium lord
 76213 | Pan      | Received a gift from Okawaru
 76422 | Pan      | Got a polished scale mail {god gift}
 76423 | Pan      | Identified the +6 scale mail "Nuhiogaz" {MR+ rCorr} (Okawaru gifted it to you in Pandemonium)
 76507 | Pan      | Killed Peisuvec the pandemonium lord
 76570 | Pan      | Got a crystal lajatang
 76571 | Pan      | Identified the +9 lajatang of Urroi {slice, +Rage rN+ Str-3 Dex+3} (You found it in Pandemonium)
 76646 | Pan      | Found a runed door.
 77052 | Pan      | Entered the realm of Lom Lobon.
 77181 | Pan      | Reached skill level 7 in Hexes
 77335 | Pan      | Found an exit through the horrors of the Abyss.
 77771 | Pan      | Reached skill level 24 in Fighting
 77779 | Pan      | Reached skill level 15 in Evocations
 77872 | Pan      | Noticed Lom Lobon
 77909 | Pan      | Killed Lom Lobon
 77942 | Pan      | Got a magical rune of Zot
 78097 | Pan      | Upgraded the game from 0.20-a0-350-ga83eecc to 0.20-a0-351-gc9b4002
 78136 | Pan      | Reached skill level 8 in Hexes
 78247 | Pan      | HP: 69/261 [azure jelly[a gelid corrupter] (27)]
 78359 | Pan      | Noticed Feol Xao the pandemonium lord
 78373 | Pan      | Killed Feol Xao the pandemonium lord
 78396 | Pan      | Received a gift from Okawaru
 78419 | Pan      | HP: 67/264 [infernal warmonger/bardiche of protection (21)]
 78432 | Pan      | Gained mutation: Armour fits poorly on your strangely shaped body. [a cacodemon]
 78443 | Pan      | HP: 69/264 [disintegration (9)]
 78446 | Pan      | Gained mutation: You are partially covered in slimy green scales. (AC +2) [a cacodemon]
 78684 | Pan      | Found an exit through the horrors of the Abyss.
 78849 | Pan      | Received a gift from Okawaru
 78884 | Pan      | Reached skill level 9 in Hexes
 78906 | Pan      | Noticed Kyive the pandemonium lord
 78924 | Pan      | HP: 71/264 [Kyive the pandemonium lord (12)]
 78930 | Pan      | HP: 51/264 [Kyive the pandemonium lord (12)]
 78931 | Pan      | HP: 25/264 [Kyive the pandemonium lord (10)]
 78936 | Pan      | HP: 23/264 [Kyive the pandemonium lord (14)]
 79264 | Pan      | Gained mutation: You are frail. (-10% HP) [a cacodemon]
 79274 | Pan      | Gained mutation: Scrolls take you a little longer to read. [a cacodemon]
 79307 | Pan      | Killed Kyive the pandemonium lord
 79307 | Pan      | Reached skill level 25 in Fighting
 79308 | Pan      | HP: 67/239 [sun demon[a balrug] (7)]
 79473 | Pan      | Found an exit through the horrors of the Abyss.
 79668 | Pan      | HP: 70/239 [??? (57)]
 79898 | Pan      | Reached skill level 10 in Hexes
 80083 | Pan      | Got a pair of encrusted gloves {god gift}
 80111 | Pan      | Identified the +0 pair of gloves "Yrpho" {Str+8} (Okawaru gifted it to you in Pandemonium)
 80304 | Pan      | HP: 68/239 [infernal warmonger/demon whip of venom (19)]
 80313 | Pan      | Found an exit through the horrors of the Abyss.
 80657 | Pan      | Reached skill level 11 in Air Magic
 80705 | Pan      | Noticed Qeheysak the pandemonium lord
 80713 | Pan      | Gained mutation: You are occasionally teleported next to monsters. [a neqoxec]
 80715 | Pan      | HP: 68/241 [smoke demon/divine providence (9)]
 80723 | Pan      | Lost mutation: You are frail. (-10% HP) [potion of cure mutation]
 80723 | Pan      | Lost mutation: Armour fits poorly on your strangely shaped body. [potion of cure mutation]
 80723 | Pan      | Lost mutation: Scrolls take you a little longer to read. [potion of cure mutation]
 80723 | Pan      | Lost mutation: You are occasionally teleported next to monsters. [potion of cure mutation]
 80723 | Pan      | Lost mutation: You are partially covered in slimy green scales. (AC +2) [potion of cure mutation]
 80732 | Pan      | HP: 4/268 [hell hog/fireball (36)]
 80732 | Pan      | Killed from afar by a hell hog

Vault maps used:
D:1:      evilmike_arrival_plus
D:2:      minmay_tetromino_l4
D:3:      first_bread, minmay_misc_feat_columns
D:6:      serial_shops, kennysheep_mini
D:7:      minmay_klotski, basic_altar, serial_co_window_serial,
          co_window_paths_a, co_window_paths_b, co_window_corner_a,
          co_window_of_opportunity_a, co_window_of_opportunity_a,
          co_window_corner_b, co_window_of_opportunity_b, co_window_broadway_b,
          co_window_2corner, co_window_cross_4, co_window_broadway_b,
          glass_columns_b, glass_columns_a
D:8:      blue_anna_alchemist, uniq_joseph
D:9:      evilmike_surprise_oklob
D:10:     special_room, hangedman_abyss_or_decor_passed,
          david_defended_altar_orc
D:11:     lair_entry_dummy, lemuel_mausoleum_altar_kikubaaqudgha
D:12:     david_orc_3, hangedman_incinerator
D:13:     hangedman_vaults_entry_quadrant_bands, minmay_misc_feat_doors,
          uniq_urug
D:14:     minmay_misc_feat_ornament, minmay_hedge_maze
D:15:     gammafunk_depths_entry_grave, serial_shops, nicolae_shop_stone,
          kennysheep_pointless_box, stair_cage_line, uniq_nessos
Temple:   nicolae_temple_the_god_donut
Lair:1:   lemuel_reptile_caves, infiniplex_staircase_pool_2,
          serial_bayou_shore_b
Lair:2:   grunt_megastairs_3, lemuel_fruit_tree
Lair:3:   spider_nest_entry_web_field, portal_ice_cave_entry_pillars_1,
          disabler_island, serial_bayou_shore_a, uniq_fannar
Lair:4:   minmay_swamp_entry_worms
Lair:5:   eino_small_chamber_without_monster
Lair:6:   gammafunk_lair_ancient_temple, minmay_slime_entry_pillars,
          nicolae_lair_grove_arrangements, uniq_snorg
Swamp:1:  hangedman_swamp_cone, uniq_roxanne, uniq_donald
Swamp:2:  evilmike_swamp_ruin_house_4
Swamp:3:  nicolae_swamp_phyte_club, hangedman_swamp_pad
Swamp:4:  swamp_basic_johnstein, swamp_pool4, nicolae_swamp_fairy_circle,
          water_boxes_lemuel
Spider:1: zaba_antful_of_joy
Spider:2: nicolae_spider_shape, nicolae_spider_cling_ruins
Spider:4: spider_rune_water
Orc:1:    serial_shops, shop, basic_altar
Orc:2:    st_orc_town, serial_shops, nicolae_shop_trees
Elf:1:    minmay_elf_arrival_plus, serial_shops, nicolae_shop_window_shopping,
          hangedman_elf_disciples, minmay_misc_feat_alley,
          hangedman_research_quantum
Elf:2:    patterned_corridor
Elf:3:    minmay_elf_hall_furrowed, special_room, minmay_shop_star
Vaults:1: v_rooms_5, vaults_standard_mumra_x, v_misc_17, vaults_room_pools,
          ontoclasm_vaults_loading_screen, nicolae_vaults_shelves_hall,
          ontoclasm_vaults_loading_screen, uniq_jorgrun
Vaults:2: special_room_vaults, v_misc_23, vaults_mumra_minichess, v_misc_9,
          vaults_room_grid, vaults_dpeg_ring, uniq_saint_roka, uniq_bai_suzhen
Vaults:3: ontoclasm_vaults_gallery, v_misc_33, v_alt_pattern_1,
          minmay_crypt_entry_necro_gods, v_pattern_3, v_misc_12,
          grunt_vaults_focal, hangedman_vaults_hat, v_misc_18,
          ontoclasm_vaults_ring_small, v_alt_pattern_4, hangedman_vaults_maws,
          grunt_vaults_hallway_short
Vaults:4: vaults_dpeg_doors, nicolae_vaults_alarming, hangedman_vaults_unwind,
          vaults_dpeg_diagonal, vaults_room_fours, v_misc_2,
          ontoclasm_vaults_decontamination, v_misc_1,
          nicolae_vaults_little_squares_5, vaults_room_corners, serial_shops,
          shop
Vaults:5: uniq_frederick
Crypt:1:  minmay_guarded_unrand_majin_bo, basic_altar, tombwall_bobbens,
          grunt_crypt_arrival_webbed, uniq_sojobo
Crypt:2:  basic_altar, uniq_jory
Crypt:3:  evilmike_haunted_forest
Depths:1: cheibrodos_leafed_vault, grunt_hell_horde, minmay_misc_feat_hallway,
          pan_entry, minmay_misc_feat_cross, pandoras_box_mu
Depths:2: grunt_arcs, hangedman_coc_ice_floe, abyss_entry,
          grunt_decor_one_mirror, hangedman_decor_diamond_cutter,
          infiniplex_staircase_diamond
Depths:3: minmay_two_paths, enter_ziggurat_e, abyss_entry, hell_entry,
          nicolae_two_hexagons, pan_entry, serial_shops,
          nicolae_shop_waterfront, minmay_staircase_bubble,
          basic_stair_grate_trap, minmay_shop_grove
Depths:4: box_level_dp, abyss_entry, serial_shops, pan_entry, hell_entry,
          uniq_mara, uniq_mennas
Depths:5: evilmike_zot_entry_hall, grunt_pan_entry_in_and_out, hex_tiny,
          nicolae_abyss_entry_one_way_or_another, hell_entry,
          due_unseen_surprise, serial_bayou_shore_b
Abyss:3:  doesnt_abyss_rune_brain_food, evilmike_abyss_exit_14,
          evilmike_abyss_exit_mutagenic
Pan:      nicolae_pan_giant_door, rand_demon_3, evilmike_mini_pan_pillars_b,
          pan_blood_fountain_small, nicolae_pan_glass_arcs, grunt_pan_zigzag,
          pan_blood_fountain, grunt_pan_in_and_out, rand_demon_8,
          grunt_pan_in_and_out, pan_blood_fountain_small, evilmike_mini_pan_V,
          pan_blood_fountain_small, evilmike_mini_pan_V, rand_demon_9,
          pan_blood_fountain_small, grunt_pan_sceptre, pan_blood_fountain,
          nicolae_pan_sigil_uleosi, nicolae_pan_mnolegish_1,
          evilmike_mini_pan_branches, nicolae_pan_lom_lobonic_1,
          grunt_pan_spiral, evilmike_mini_pan_branches,
          regret_index_pan_draining_boxed, evilmike_mini_pan_doors_b, lom_lobon,
          pan_blood_fountain, nicolae_pan_gloorx_vloqian_1,
          evilmike_mini_pan_diamond, pan_blood_fountain, evilmike_mini_pan_V,
          nicolae_pan_hourglass
IceCv:    ice_cave_caverns_01

Skill      XL: |  1  2  3  4  5  6  7  8  9 10 11 12 13 14 15 16 17 18 19 20 21 22 23 24 25 26 27 |
---------------+----------------------------------------------------------------------------------+-----
Crossbows      | 3 4 6 7 8 10 13 16 18 | 18.0
Fighting       | 2 6 9 11 13 15 17 18 20 21 22 25 | 25.8
Armour         | 1 5 9 10 13 14 15 16 17 19 20 21 22 | 22.0
Invocations    | 1 3 6 8 10 | 10.0
Dodging        | 6 9 12 15 16 17 18 19 21 22 | 22.4
Evocations     | 6 9 12 15 | 15.0
Stealth        | 5 6 9 |  9.0
Hexes          | 4 5 10 | 10.1
Translocations | 5 8 9 11 | 11.1
Charms         | 5 6 |  6.0
Air Magic      | 3 7 10 11 | 11.0
Necromancy     | 3 4 8 |  8.0
Spellcasting   | 2 6 9 11 | 11.0
Summonings     | 7 10 | 10.5

Action                   |  1- 3 |  4- 6 |  7- 9 | 10-12 | 13-15 | 16-18 | 19-21 | 22-24 | 25-27 || total
-------------------------+-------+-------+-------+-------+-------+-------+-------+-------+-------++-------
Melee: Hand crossbow     |       |       |     1 |       |       |       |       |       |       ||     1
       Long sword        |       |       |       |     6 |       |     5 |       |    18 |       ||    29
       Headbutt          |       |       |       |     2 |     1 |     3 |     2 |    12 |       ||    20
       Arbalest          |       |       |       |       |     3 |     4 |     3 |     1 |       ||    11
 Fire: Hand crossbow     |    91 |    98 |   211 |   803 |    21 |       |       |       |       ||  1224
       Arbalest          |       |       |       |    51 |  1136 |  1326 |  1602 |  1931 |  2978 ||  9024
Throw: Throwing net      |       |       |       |       |       |     2 |       |       |       ||     2
 Cast: Corona            |       |       |       |     2 |     9 |     9 |    20 |    23 |       ||    63
       Apportation       |       |       |       |       |       |       |       |     1 |    48 ||    49
       Blink             |       |       |       |       |       |       |       |     1 |    11 ||    12
       Repel Missiles    |       |       |       |       |       |       |       |     2 |    17 ||    19
       Portal Projectile |       |       |       |       |       |       |       |       |    42 ||    42
       Summon Lightning  |       |       |       |       |       |       |       |       |    45 ||    45
       Regeneration      |       |       |       |       |       |       |       |       |   113 ||   113
       Summon Butterflie |       |       |       |       |       |       |       |       |     6 ||     6
       Swiftness         |       |       |       |       |       |       |       |       |     2 ||     2
Invok: Heroism           |       |       |     6 |    15 |     7 |     9 |     8 |    14 |    24 ||    83
       Finesse           |       |       |       |       |       |     3 |     3 |     5 |     4 ||    15
 Abil: Evoke Flight      |       |       |       |       |       |       |       |       |     2 ||     2
Evoke: Wand              |       |       |     2 |       |       |       |       |     2 |     3 ||     7
       Box of beasts     |       |       |       |       |       |     1 |       |       |     1 ||     2
       Phantom mirror    |       |       |       |       |       |       |       |       |     1 ||     1
  Use: Scroll            |     6 |     6 |     7 |    11 |     7 |    10 |    12 |     9 |    23 ||    91
       Potion            |       |       |       |     2 |       |     5 |     1 |     1 |    11 ||    20
  Eat: Chunk             |     3 |     6 |     5 |    21 |    35 |    32 |    27 |    17 |    32 ||   178
       Pizza             |       |       |     1 |       |       |     2 |     2 |     1 |     2 ||     8
       Meat ration       |       |       |     1 |       |       |       |     1 |     2 |     2 ||     6
       Bread ration      |       |       |       |       |       |       |       |     1 |     5 ||     6
       Beef jerky        |       |       |       |       |       |       |       |     1 |     2 ||     3
Armor: Chain mail        |    29 |    13 |    26 |       |       |       |       |       |       ||    68
       Swamp dragon scal |       |       |    49 |   219 |   255 |   430 |   284 |   423 |   625 ||  2285
       Plate armour      |       |       |       |       |    67 |       |       |       |       ||    67
Dodge: Dodged            |    13 |     9 |    57 |   423 |   502 |  1028 |   767 |  1313 |  1836 ||  5948
       Deflected         |       |       |       |       |       |       |       |     6 |    67 ||    73
Block: Buckler           |       |       |       |       |     6 |       |       |       |       ||     6
       Rpst.: Long sword |       |       |       |     1 |       |       |       |     1 |       ||     2

Table legend:
 A = Turns spent in this place as a percentage of turns spent in the entire game.
 B = Non-inter-level travel turns spent in this place as a percentage of non-inter-level travel turns spent in the entire game.
 C = Inter-level travel turns spent in this place as a percentage of turns spent in this place.
 D = Turns resting spent in this place as a percentage of non-inter-level travel turns spent in this place.
 E = Turns spent auto-exploring this place as a percentage of non-inter-level travel turns spent in this place.
 F = Non-inter-level travel turns spent in this place divided by the number of levels of this place that you've seen.
                   A       B       C       D       E      F
               +-------+-------+-------+-------+-------+----------------------
         Total | 100.0 | 100.0 |   0.5 |   1.4 |   3.2 | 481.8
       Dungeon |  15.6 |  15.6 |   1.0 |   0.8 |   5.7 | 389.9
        Temple |   0.1 |   0.1 |   0.0 |   0.0 |  42.9 |  42.0
          Lair |   8.2 |   8.1 |   1.4 |   0.7 |   4.4 | 510.3
         Swamp |   4.2 |   4.2 |   0.6 |   1.1 |   5.1 | 393.5
   Spider Nest |   5.9 |   5.9 |   0.2 |   1.7 |   3.6 | 557.8
    Slime Pits |   2.9 |   2.9 |   0.3 |   2.2 |   0.0 | 221.0
  Orcish Mines |   3.8 |   3.8 |   1.1 |   1.2 |   1.3 | 713.0
   Elven Halls |   6.3 |   6.3 |   0.3 |   0.5 |   3.0 | 794.3
        Vaults |  14.2 |  14.2 |   0.5 |   0.7 |   2.2 | 1069.0
         Crypt |   6.3 |   6.4 |   0.1 |   0.8 |   4.0 | 796.0
        Depths |  13.8 |  13.8 |   0.5 |   1.1 |   2.6 | 1034.6
         Abyss |   0.9 |   0.9 |   0.0 |   2.1 |   0.0 | 110.7
   Pandemonium |  16.5 |  16.6 |   0.0 |   3.6 |   1.5 | 296.9
      Ice Cave |   1.2 |   1.2 |   0.0 |   0.0 |   2.8 | 435.0
               +-------+-------+-------+-------+-------+----------------------

Vault maps used:
D:1:      evilmike_arrival_plus
D:2:      minmay_tetromino_l4
D:3:      first_bread, minmay_misc_feat_columns
D:6:      serial_shops, kennysheep_mini
D:7:      minmay_klotski, basic_altar, serial_co_window_serial,
          co_window_paths_a, co_window_paths_b, co_window_corner_a,
          co_window_of_opportunity_a, co_window_of_opportunity_a,
          co_window_corner_b, co_window_of_opportunity_b, co_window_broadway_b,
          co_window_2corner, co_window_cross_4, co_window_broadway_b,
          glass_columns_b, glass_columns_a
D:8:      blue_anna_alchemist, uniq_joseph
D:9:      evilmike_surprise_oklob
D:10:     special_room, hangedman_abyss_or_decor_passed,
          david_defended_altar_orc
D:11:     lair_entry_dummy, lemuel_mausoleum_altar_kikubaaqudgha
D:12:     david_orc_3, hangedman_incinerator
D:13:     hangedman_vaults_entry_quadrant_bands, minmay_misc_feat_doors,
          uniq_urug
D:14:     minmay_misc_feat_ornament, minmay_hedge_maze
D:15:     gammafunk_depths_entry_grave, serial_shops, nicolae_shop_stone,
          kennysheep_pointless_box, stair_cage_line, uniq_nessos
Temple:   nicolae_temple_the_god_donut
Lair:1:   lemuel_reptile_caves, infiniplex_staircase_pool_2,
          serial_bayou_shore_b
Lair:2:   grunt_megastairs_3, lemuel_fruit_tree
Lair:3:   spider_nest_entry_web_field, portal_ice_cave_entry_pillars_1,
          disabler_island, serial_bayou_shore_a, uniq_fannar
Lair:4:   minmay_swamp_entry_worms
Lair:5:   eino_small_chamber_without_monster
Lair:6:   gammafunk_lair_ancient_temple, minmay_slime_entry_pillars,
          nicolae_lair_grove_arrangements, uniq_snorg
Swamp:1:  hangedman_swamp_cone, uniq_roxanne, uniq_donald
Swamp:2:  evilmike_swamp_ruin_house_4
Swamp:3:  nicolae_swamp_phyte_club, hangedman_swamp_pad
Swamp:4:  swamp_basic_johnstein, swamp_pool4, nicolae_swamp_fairy_circle,
          water_boxes_lemuel
Spider:1: zaba_antful_of_joy
Spider:2: nicolae_spider_shape, nicolae_spider_cling_ruins
Spider:4: spider_rune_water
Orc:1:    serial_shops, shop, basic_altar
Orc:2:    st_orc_town, serial_shops, nicolae_shop_trees
Elf:1:    minmay_elf_arrival_plus, serial_shops, nicolae_shop_window_shopping,
          hangedman_elf_disciples, minmay_misc_feat_alley,
          hangedman_research_quantum
Elf:2:    patterned_corridor
Elf:3:    minmay_elf_hall_furrowed, special_room, minmay_shop_star
Vaults:1: v_rooms_5, vaults_standard_mumra_x, v_misc_17, vaults_room_pools,
          ontoclasm_vaults_loading_screen, nicolae_vaults_shelves_hall,
          ontoclasm_vaults_loading_screen, uniq_jorgrun
Vaults:2: special_room_vaults, v_misc_23, vaults_mumra_minichess, v_misc_9,
          vaults_room_grid, vaults_dpeg_ring, uniq_saint_roka, uniq_bai_suzhen
Vaults:3: ontoclasm_vaults_gallery, v_misc_33, v_alt_pattern_1,
          minmay_crypt_entry_necro_gods, v_pattern_3, v_misc_12,
          grunt_vaults_focal, hangedman_vaults_hat, v_misc_18,
          ontoclasm_vaults_ring_small, v_alt_pattern_4, hangedman_vaults_maws,
          grunt_vaults_hallway_short
Vaults:4: vaults_dpeg_doors, nicolae_vaults_alarming, hangedman_vaults_unwind,
          vaults_dpeg_diagonal, vaults_room_fours, v_misc_2,
          ontoclasm_vaults_decontamination, v_misc_1,
          nicolae_vaults_little_squares_5, vaults_room_corners, serial_shops,
          shop
Vaults:5: uniq_frederick
Crypt:1:  minmay_guarded_unrand_majin_bo, basic_altar, tombwall_bobbens,
          grunt_crypt_arrival_webbed, uniq_sojobo
Crypt:2:  basic_altar, uniq_jory
Crypt:3:  evilmike_haunted_forest
Depths:1: cheibrodos_leafed_vault, grunt_hell_horde, minmay_misc_feat_hallway,
          pan_entry, minmay_misc_feat_cross, pandoras_box_mu
Depths:2: grunt_arcs, hangedman_coc_ice_floe, abyss_entry,
          grunt_decor_one_mirror, hangedman_decor_diamond_cutter,
          infiniplex_staircase_diamond
Depths:3: minmay_two_paths, enter_ziggurat_e, abyss_entry, hell_entry,
          nicolae_two_hexagons, pan_entry, serial_shops,
          nicolae_shop_waterfront, minmay_staircase_bubble,
          basic_stair_grate_trap, minmay_shop_grove
Depths:4: box_level_dp, abyss_entry, serial_shops, pan_entry, hell_entry,
          uniq_mara, uniq_mennas
Depths:5: evilmike_zot_entry_hall, grunt_pan_entry_in_and_out, hex_tiny,
          nicolae_abyss_entry_one_way_or_another, hell_entry,
          due_unseen_surprise, serial_bayou_shore_b
Abyss:3:  doesnt_abyss_rune_brain_food, evilmike_abyss_exit_14,
          evilmike_abyss_exit_mutagenic
Pan:      nicolae_pan_giant_door, rand_demon_3, evilmike_mini_pan_pillars_b,
          pan_blood_fountain_small, nicolae_pan_glass_arcs, grunt_pan_zigzag,
          pan_blood_fountain, grunt_pan_in_and_out, rand_demon_8,
          grunt_pan_in_and_out, pan_blood_fountain_small, evilmike_mini_pan_V,
          pan_blood_fountain_small, evilmike_mini_pan_V, rand_demon_9,
          pan_blood_fountain_small, grunt_pan_sceptre, pan_blood_fountain,
          nicolae_pan_sigil_uleosi, nicolae_pan_mnolegish_1,
          evilmike_mini_pan_branches, nicolae_pan_lom_lobonic_1,
          grunt_pan_spiral, evilmike_mini_pan_branches,
          regret_index_pan_draining_boxed, evilmike_mini_pan_doors_b, lom_lobon,
          pan_blood_fountain, nicolae_pan_gloorx_vloqian_1,
          evilmike_mini_pan_diamond, pan_blood_fountain, evilmike_mini_pan_V,
          nicolae_pan_hourglass
IceCv:    ice_cave_caverns_01
